 Dungeon Crawl Stone Soup version 0.19.0-22-gd96e5fe (webtiles) character file.

3502 patrickswayze the Slicer (level 9, 0/49 HPs)
             Began as a Deep Elf Chaos Knight on Nov 20, 2016.
             Killed by divine providence
             ... invoked by an orc priest
              (10 damage)
             ... on level 8 of the Dungeon.
             The game lasted 00:27:06 (9909 turns).

patrickswayze the Slicer (Deep Elf Chaos Knight)    Turns: 9909, Time: 00:27:06

Health: 0/49       AC:  9    Str: 11    XL:     9   Next: 80%
Magic:  11/11      EV: 20    Int: 18    God:    Xom [*.....]
Gold:   4          SH:  8    Dex: 17    Spells: 0 memorised, 8 levels left

rFire  . . .     SeeInvis .     b - +3 dagger (pain)
rCold  + . .     Gourm    .     L - +1 robe {MR+}
rNeg   . . .     Faith    .     K - +0 buckler
rPois  .         Spirit   .     q - +0 helmet
rElec  .         Reflect  +     f - +0 cloak
rCorr  .         Harm     .     j - +0 pair of gloves
MR     ++...                    I - +2 pair of boots
Stlth  ++++......               p - +2 amulet of reflection (curse)
                                s - ring of protection from cold
                                P - +3 ring of evasion

@: lethally poisoned (0 -> -3)
A: magic resistance 1, strong 1
a: Renounce Religion


You were on level 8 of the Dungeon.
You worshipped Xom.
You were a special plaything of Xom.
You were not hungry.

You visited 1 branch of the dungeon, and saw 8 of its levels.

You collected 455 gold pieces.
You spent 451 gold pieces at shops.


Innate Abilities, Weirdness & Mutations

You are resistant to hostile enchantments. (MR+)
Your muscles are strong. (Str +2)


   Skills:
 - Level 2.4 Fighting
 - Level 10.0 Short Blades
 - Level 0.7 Armour
 + Level 6.7 Dodging
 - Level 8.1 Stealth
 - Level 5.1 Shields


You had 8 spell levels left.
You didn't know any spells.

Inventory:

Hand Weapons
 a - a +0 short sword of chaos
 b - a +3 dagger of pain (weapon)
Missiles
 h - 203 stones (quivered)
 A - 2 throwing nets
Armour
 f - a +0 cloak (worn)
 j - a +0 pair of gloves (worn)
 q - a +0 helmet (worn)
 I - a +2 pair of boots (worn)
 K - a +0 buckler (worn)
 L - a +1 robe of magic resistance (worn)
Jewellery
 p - a cursed +2 amulet of reflection (around neck)
 s - a ring of protection from cold (right hand)
 x - a cursed amulet of regeneration {unknown}
 C - an uncursed ring of see invisible
 P - a +3 ring of evasion (left hand)
Wands
 y - a wand of paralysis (0/24)
 z - a wand of lightning (6/15)
 D - a wand of enslavement (8/24)
Scrolls
 g - 5 scrolls of remove curse
 m - 3 scrolls of recharging
 o - 3 scrolls of magic mapping {unknown}
 t - a scroll of random uselessness {unknown}
 w - 2 scrolls of teleportation
 B - a scroll of identify
 F - a scroll of vulnerability {unknown}
 G - a scroll of fog {unknown}
 H - a scroll of amnesia {unknown}
 M - 3 scrolls of enchant weapon
 N - 4 scrolls of immolation {unknown}
Potions
 d - 3 potions of agility
 e - a potion of might {unknown}
 k - a potion of berserk rage {unknown}
 l - 2 potions of curing
 n - 2 potions of flight {unknown}
 r - a potion of cure mutation {unknown}
 v - 3 potions of brilliance
 E - a potion of beneficial mutation {unknown}
 J - a potion of resistance
 O - a potion of mutation {unknown}
Books
 Q - a book of Cantrips

   Spells                             Type                      Level
   a - Confusing Touch                Hexes                        1
   b - Animate Skeleton               Necromancy                   1
   c - Summon Small Mammal            Summoning                    1
   d - Apportation                    Translocation                1
Comestibles
 c - 5 bread rations
 i - a slice of pizza
 u - 2 meat rations
 R - 2 chunks of flesh


Message History

You resist with almost no effort. Something closely misses you.
Something hits you.
You are poisoned.
The worker ant closely misses you.
You feel sick.
You hear some strange, mumbled words.
A puff of flame appears from out of thin air!
The puff of flame hits you!
The orc priest invokes the aid of Beogh against you.
Beogh smites you!
* * * LOW HITPOINT WARNING * * *
A magic dart appears from out of thin air!
The magic dart hits you!
* * * LOW HITPOINT WARNING * * *
There is a stone staircase leading up here.
Okay, then.
The orc priest mumbles some strange prayers to Beogh against you.
Beogh smites you!
You die...

.#######.........#
##.....%.#..# ....
#.........# #...#.#.....#
.### #.##........
#........#..# ...
.........#.####........#...
..## ##
......#..........(..#.## #
#....#....o......#'#...
####....#......##......###
........#..............#
#.(.'@a............#
##.##.{....(......)#
#(##..............#
#.##................
#.##...#.#......#...
#(##...#.#......#...
#.##...#)########
#.##...#.# #.##[..#.######


You could see a worker ant and an orc priest.

Vanquished Creatures
  The ghost of Gargo the Magician, a novice GrEE of Vehumet (D:7)
  Grinder (D:4)
  2 hippogriffs
  Sigmund (D:2)
  Duvessa (D:6)
  2 orc warriors
  A black bear (D:7)
  2 ogres (D:8)
  A centaur (D:8)
  Blork the orc (D:4)
  A big kobold (D:4)
  4 bullfrogs
  A gnoll sergeant (D:5)
  A scorpion (D:8)
  A water moccasin skeleton (D:8)
  Dowan (D:6)
  A crimson imp (D:5)
  7 hounds
  6 orc wizards
  A jelly (D:7)
  4 orc priests
  Crazy Yiuf (D:7)
  3 iguanas
  6 worker ants
  Terence (D:2)
  A killer bee zombie (D:5)
  A hound zombie (D:6)
  A hound skeleton (D:7)
  A howler monkey zombie (D:7)
  8 gnolls
  3 adders
  2 shadow imps
  An adder skeleton (D:7)
  2 worms
  3 dart slugs (D:1)
  7 leopard geckos
  35 orcs
  11 giant cockroaches
  12 hobgoblins
  13 jackals
  4 quokkas
  A ball python (D:3)
  7 bats
  11 frilled lizards
  11 goblins
  12 kobolds
  A leopard gecko skeleton (D:4)
  7 rats
  A fungus (D:7)
208 creatures vanquished.

Vanquished Creatures (collateral kills)
  Robin (D:2)
  3 goblins (D:2)
  A hobgoblin (D:2)
  A rat (D:2)
6 creatures vanquished.

Vanquished Creatures (others)
  A worker ant (D:8)
  2 giant cockroaches
3 creatures vanquished.

Grand Total: 217 creatures vanquished

Notes
Turn   | Place    | Note
-------+----------+-------------------------------------------
     0 | D:1      | patrickswayze the Deep Elf Chaos Knight began the quest for the Orb.
     0 | D:1      | Reached XP level 1. HP: 13/13 MP: 3/3
    31 | D:1      | Reached skill level 1 in Stealth
   116 | D:1      | Reached XP level 2. HP: 9/18 MP: 4/4
   685 | D:1      | Reached skill level 3 in Stealth
   798 | D:1      | Reached XP level 3. HP: 19/22 MP: 5/5
  1205 | D:2      | XOM: harmless Air miscast
  1291 | D:2      | Reached XP level 4. HP: 19/27 MP: 6/6
  1471 | D:2      | Noticed Terence
  1492 | D:2      | Killed Terence
  1531 | D:2      | Noticed Sigmund
  1595 | D:2      | XOM is BORED!
  1595 | D:2      | XOM: noise
  1653 | D:2      | Found an opulent altar of Gozag.
  1672 | D:2      | XOM: cast spell 'Statue Form'
  1687 | D:2      | Noticed Robin
  1706 | D:2      | XOM: silly message
  1711 | D:2      | XOM: give mutations
  1711 | D:2      | Gained mutation: Your muscles are strong. (Str +2) [Xom's grace]
  1711 | D:2      | Gained mutation: You are resistant to hostile enchantments. (MR+) [Xom's grace]
  1717 | D:2      | XOM: summons friendly ufetubus
  1738 | D:2      | Killed Robin
  1842 | D:2      | Reached skill level 6 in Stealth
  1886 | D:2      | XOM is BORED!
  1886 | D:2      | XOM: harmless Fire miscast
  2130 | D:3      | HP: 5/27 [orc/hand axe of electrocution (13)]
  2153 | D:3      | XOM: silly message
  2397 | D:3      | XOM: confuse monster(s)
  2419 | D:3      | Reached XP level 5. HP: 31/31 MP: 7/7
  2450 | D:3      | XOM: cloud trail
  2568 | D:3      | XOM: enchant monster (bad)
  2914 | D:3      | XOM: noise
  3379 | D:4      | Reached XP level 6. HP: 36/36 MP: 8/8
  3438 | D:4      | Found Vah Anar's Book Shop.
  3444 | D:4      | XOM: cast spell 'Confusing Touch'
  3653 | D:4      | Noticed Blork the orc
  3653 | D:4      | XOM: potion effect (agility)
  3655 | D:4      | Reached skill level 4 in Short Blades
  3699 | D:3      | XOM is BORED!
  3699 | D:3      | XOM: mild Air miscast
  3839 | D:4      | XOM: butterfly on damage
  3848 | D:4      | Killed Blork the orc
  4020 | D:4      | XOM: medium Hex miscast
  4073 | D:4      | Found a staircase to the Ecumenical Temple.
  4086 | D:4      | Noticed Grinder
  4089 | D:4      | XOM: divination: detect creatures
  4093 | D:4      | Killed Grinder
  4093 | D:4      | Reached skill level 5 in Short Blades
  4093 | D:4      | Reached XP level 7. HP: 36/40 MP: 9/9
  4338 | D:4      | Reached skill level 6 in Short Blades
  4443 | D:5      | Entered Level 5 of the Dungeon
  4492 | D:5      | Got a dazzling chain mail
  4680 | D:5      | Found an ancient bone altar of Kikubaaqudgha.
  4681 | D:5      | Found a bloodstained altar of Trog.
  4693 | D:5      | XOM: 3-stop teleportation journey
  4922 | D:5      | Found a shadowy altar of Dithmenos.
  4994 | D:5      | Found Imoxkif's Armour Shop.
  5005 | D:5      | Got a heavily runed ring mail
  5041 | D:5      | Bought a +0 buckler for 49 gold pieces
  5041 | D:5      | Identified the +1 ring mail of Pantheism {*Corrode rElec Int+3 Dex+4} (You found it on level 5 of the Dungeon)
  5043 | D:5      | Bought a +0 leather armour of positive energy for 66 gold pieces
  5251 | D:5      | XOM: mild Pois miscast
  5431 | D:2      | Killed Sigmund
  5431 | D:2      | Reached XP level 8. HP: 45/45 MP: 10/10
  5562 | D:6      | Noticed Duvessa
  5761 | D:6      | XOM: divination: detect items
  5770 | D:6      | Reached skill level 3 in Shields
  5783 | D:6      | Noticed Dowan
  5816 | D:6      | XOM: divination: detect creatures
  5838 | D:6      | XOM: harmless Ice miscast
  5870 | D:5      | XOM: mild Chrm miscast
  5894 | D:5      | XOM: harmless Necr miscast
  5935 | D:5      | XOM: silly message
  6178 | D:6      | XOM: mild Chrm miscast
  6224 | D:6      | XOM is BORED!
  6224 | D:6      | XOM: noise
  6286 | D:6      | XOM: enchant monster (bad)
  6458 | D:6      | Killed Dowan
  6628 | D:6      | XOM: god gift: smoky dark potion {god gift}
  6668 | D:6      | XOM: medium Hex miscast
  6738 | D:6      | XOM: noise
  6750 | D:6      | XOM: noise
  6766 | D:6      | Killed Duvessa
  6810 | D:6      | XOM: enchant monster (bad)
  6822 | D:6      | XOM: fog
  6952 | D:7      | Found Gyihof's Weapon Boutique.
  6954 | D:7      | Found Fanuyc's Jewellery Shop.
  7073 | D:7      | Noticed Gargo's ghost (novice GrEE)
  7075 | D:7      | XOM: silly message
  7088 | D:7      | XOM: potion effect (haste)
  7354 | D:7      | Found Qukk's Book Boutique.
  7370 | D:7      | XOM: cast spell 'Olgreb's Toxic Radiance'
  7377 | D:7      | XOM: enchant monster (good)
  7450 | D:8      | XOM: medium Erth miscast
  7650 | D:8      | Reached skill level 7 in Short Blades
  7663 | D:8      | Noticed a hippogriff
  7667 | D:8      | XOM: scenery: create altars
  7675 | D:8      | XOM: divine lightning (protected)
  7681 | D:8      | XOM: enchant monster (bad)
  7682 | D:8      | XOM: swap monsters
  7691 | D:8      | XOM: polymorph iguana -> worker ant
  7694 | D:8      | XOM: summons 1 hostile shadow creature
  7697 | D:8      | Found a sacrificial altar of Ru.
  7697 | D:8      | Found a white marble altar of Elyvilon.
  7697 | D:8      | XOM: 1-stop teleportation journey
  7716 | D:8      | Killed a hippogriff
  7716 | D:8      | Reached skill level 8 in Short Blades
  7716 | D:8      | Reached XP level 9. HP: 15/49 MP: 11/11
  8057 | D:8      | XOM: harmless Hex miscast
  8091 | D:8      | XOM: divination: magic mapping
  8107 | D:8      | Noticed Psyche
  8177 | D:8      | XOM: medium Summ miscast
  8216 | D:8      | Noticed Joseph
  8260 | D:8      | Reached skill level 9 in Short Blades
  8293 | D:8      | XOM: potion effect (invisibility)
  8386 | D:7      | XOM: medium Air miscast
  8425 | D:7      | XOM: confuse monster(s)
  8492 | D:7      | XOM: god gift: glowing chain mail {god gift}
  8785 | D:7      | Found Kuozykam's Antique Armour Shop.
  8976 | D:7      | Found a runed door.
  8980 | D:7      | Noticed Crazy Yiuf
  8988 | D:7      | Killed Crazy Yiuf
  9138 | D:7      | XOM: polymorph orc warrior -> jelly
  9164 | D:7      | Reached skill level 10 in Short Blades
  9295 | D:7      | XOM: fog
  9396 | D:7      | XOM: summons friendly shadow imp
  9403 | D:7      | Reached skill level 3 in Dodging
  9428 | D:7      | Bought a +3 ring of evasion for 336 gold pieces
  9451 | D:7      | XOM: summons 9 friendly demons
  9464 | D:7      | XOM: summons friendly crimson imp
  9477 | D:7      | Killed Gargo's ghost
  9854 | D:7      | Reached skill level 6 in Dodging
  9888 | D:8      | XOM: cast spell 'Excruciating Wounds'
  9909 | D:8      | Killed from afar by an orc priest

Vault maps used:
D:1:      lemuel_arrival_funnel
D:2:      first_bread, nicolae_gozag_cash_rules_everything_around_me,
          uniq_robin, uniq_terence, uniq_sigmund
D:3:      gup_sewer_entry_spiral
D:4:      serial_forest, infiniplex_forest_straight_4,
          infiniplex_forest_zigzag_2, infiniplex_forest_end_3,
          infiniplex_forest_corner_1, infiniplex_forest_lined_1,
          infiniplex_forest_end_2, infiniplex_forest_straight_4,
          infiniplex_forest_clump_small, serial_shops, nicolae_shop_crystal,
          uniq_blork_the_orc, uniq_grinder
D:5:      gammafunk_temple_overflow_pools, nicolae_dithmenos_shadow_blocks,
          serial_shops, nicolae_shop_trees, minivault_26,
          nicolae_zen_rock_garden
D:6:      uniq_duvessa
D:7:      serial_shops, shop_fountains, shop, nicolae_shop_trees,
          nicolae_shop_statue_plus, uniq_crazy_yiuf_cottage
D:8:      chequers_temple_overflow_statue_of_worship, uniq_psyche, uniq_joseph

Action                   |  1- 3 |  4- 6 |  7- 9 || total
-------------------------+-------+-------+-------++-------
Melee: Short sword       |    53 |       |    42 ||    95
       Dagger            |    86 |   214 |   431 ||   731
Throw: Throwing net      |       |     1 |       ||     1
       Stone             |       |       |     3 ||     3
Evoke: Wand              |       |       |     5 ||     5
  Use: Scroll            |     2 |     5 |     4 ||    11
       Potion            |       |       |     6 ||     6
 Stab: Paralysed         |     2 |       |     1 ||     3
       Sleeping          |     7 |    10 |     7 ||    24
       Petrified         |       |     3 |       ||     3
       Held in net/web   |       |     2 |       ||     2
       Distracted        |       |     1 |     6 ||     7
       Invisible         |       |       |     3 ||     3
       Petrifying        |       |       |     1 ||     1
  Eat: Chunk             |     1 |     9 |    15 ||    25
       Bread ration      |       |       |     1 ||     1
Armor: Leather armour    |    50 |    60 |    25 ||   135
       Skin              |       |     5 |       ||     5
       Robe              |       |       |    52 ||    52
Dodge: Dodged            |    88 |   117 |   185 ||   390
Block: Other             |       |    18 |     1 ||    19
       Buckler           |       |       |   105 ||   105
       Reflection        |       |       |     6 ||     6
